 Dungeon Crawl Stone Soup version 0.31-a0-986-g5e6e4ef867 (webtiles) character file.

Game seed: 16969206449968547987

29 whatisthis the Grave Robber (level 3, -7/29 HPs)
             Began as a Ghoul Necromancer on Nov 21, 2023.
             Killed by divine providence
             ... invoked by an orc priest
              (8 damage)
             ... on level 2 of the Dungeon.
             The game lasted 00:10:43 (1315 turns).

whatisthis the Grave Robber (Ghoul Necromancer)     Turns: 1315, Time: 00:10:44

Health: -7/29      AC:  3    Str: 11 (13) XL:     3   Next: 16%
Magic:  0/4        EV: 11    Int: 10      God:
Gold:   110        SH:  0    Dex:  7 (9)  Spells: 4/5 levels left

rFire   . .          .
                       - Unarmed
rCold   + . .        (no shield)
rNeg    + + +        e - +0 leather armour
rPois   ∞            (no helmet)
rElec   .            (no cloak)
rCorr   .            (no gloves)
SInv    .            (no boots)
Will    +....        (no amulet)
Stlth   +            (no ring)
HPRegen 0.00/turn    (no ring)
MPRegen 0.09/turn

%: no passive effects
@: enlightened, flying, inhibited regen
A: claws 1, cold resistance 1, negative energy resistance 3, inhibited
regeneration, torment resistance 2, devour on kill
a: no special abilities


You were on level 2 of the Dungeon.
You visited 1 branch of the dungeon, and saw 2 of its levels.

You collected 110 gold pieces.

Inventory:

Missiles
 d - 15 stones
 i - 5 poisoned darts (quivered)
Armour
 e - a +0 leather armour (worn)
 h - an orb of light
Scrolls
 a - a scroll of brand weapon {unknown}
 g - 2 scrolls of identify {unknown}
 j - a scroll of fog {unknown}
 k - a scroll of poison {unknown}
Potions
 b - 2 potions of magic
 c - a potion of mutation
 f - 2 potions of enlightenment
 l - a potion of degeneration {unknown}
 m - a potion of brilliance {unknown}


   Skills:
 + Level 2.0 Fighting
 - Level 1.7 Dodging
 - Level 2.1 Stealth
 + Level 2.0 Unarmed Combat
 - Level 1.7 Spellcasting
 - Level 4.0 Necromancy


You had 4 spell levels left.
You knew the following spells:

 Your Spells              Type           Power      Damage    Failure   Level
a - Necrotise             Necr           32%        1d5       9%          1

Your spell library contained the following spells:

 Spells                   Type           Power      Damage    Failure   Level
 Vampiric Draining        Necr           8%         2d6       24%         3
 Slow                     Hex            0%         N/A       38%         1
 Animate Dead             Necr           8%         N/A       63%         4
 Confusing Touch          Hex            0%         N/A       77%         3
 Sigil of Binding         Hex            0%         N/A       77%         3
 Vhi's Electric Charge    Tloc/Air       0%         N/A       99%         4
 Agony                    Necr           8%         N/A       92%         5
 Arcjolt                  Conj/Air       0%         1d10      100%        5
 Plasma Beam              Fire/Air       0%         2x1d10    100%        6


Dungeon Overview and Level Annotations

Branches:
Dungeon (2/15)

Altars:

Annotations:
D:1 1 exclusion
D:2 Terence


Innate Abilities, Weirdness & Mutations

You are immune to poison.
You have sharp fingernails.
Your flesh is cold resistant. (rC+)
You are immune to negative energy. (rN+++)
You do not regenerate when monsters are visible.
You are immune to unholy pain and torment.
You thrive by killing the living.


Message History

* * * LOW HITPOINT WARNING * * *
It was a potion of enlightenment.
You feel very buoyant.
You fly up into the air.
Your orc skeleton barely misses the orc priest.
The orc priest hits your orc skeleton with a +0 club.
Your orc skeleton is destroyed!
Casting: Necrotise (safe; 8% risk of failure)
Confirm with . or Enter, or press ? or * to list all spells.
Aiming: Necrotise (safe; 8% risk of failure)
Press: ? - help, Shift-Dir - straight line, f/p - orc priest
Aim: an orc priest, wielding a +0 club and wearing a +0 leather armour (severely wounded, chance to affect: 59%)
The orc priest writhes in agony.
The orc priest hits you with a +0 club.
* * * LOW HITPOINT WARNING * * *
Unknown command.
Casting: Necrotise (safe; 8% risk of failure)
Confirm with . or Enter, or press ? or * to list all spells.
Aiming: Necrotise (safe; 8% risk of failure)
Press: ? - help, Shift-Dir - straight line, f/p - orc priest
Aim: an orc priest, wielding a +0 club and wearing a +0 leather armour (almost dead, chance to affect: 59%)
The orc priest resists with significant effort.
Casting: Necrotise (safe; 8% risk of failure)
Confirm with . or Enter, or press ? or * to list all spells.
Okay, then.
It was a potion of mutation.
You feel extremely strange.
Your body decomposes!
You feel clumsy.
Your body decomposes!
You feel clumsy.
Your body decomposes!
You feel weakened.
Your body decomposes!
You feel weakened. The orc priest hits you with a +0 club.
* * * LOW HITPOINT WARNING * * *
The orc closely misses you.
Your magical contamination has completely faded away.
The orc priest mumbles some strange prayers to Beogh against you.
Beogh smites you!
You die...

#.# #..........##..###........
#.# #.#....##.##..##.#.>......
#.# #.##.#.#..#...#.##.....# #.#
#.##.o..#......##...##.#
#.#####.##.#.##..##.....#.##.###
#...oo.....#.##.##.#......##.##.
#######.##.#o##.#.##..######.##.
#....#.#..###..## #....
######.#.@.....# #####
#.#..####.# #.oo......#
###########


You could see an orc priest and an orc.

Vanquished Creatures
  A dart slug (D:2)
  An orc (D:2)
  An endoplasm (D:2)
  2 giant cockroaches
  3 goblins
  A hobgoblin (D:1)
  3 ball pythons
  4 bats
  3 frilled lizards
  2 kobolds
  4 rats
25 creatures vanquished.

Notes
Turn   | Place    | Note
-------+----------+-------------------------------------------
     0 | D:1      | whatisthis the Ghoul Necromancer began the quest for the
                  | Orb.
     0 | D:1      | Reached XP level 1. HP: 14/14 MP: 2/2
   395 | D:1      | Reached skill level 1 in Fighting
   395 | D:1      | Reached skill level 1 in Unarmed Combat
   510 | D:1      | Reached XP level 2. HP: 23/23 MP: 3/3
  1108 | D:2      | Reached XP level 3. HP: 29/29 MP: 2/4
  1188 | D:2      | Noticed Terence
  1314 | D:2      | HP: 1/29 [orc priest/+0 club (3)]
  1315 | D:2      | Killed from afar by an orc priest

Illustrated notes

Levels and vault maps discovered:
D:1:      dpeg_arrival_water_temple_mockup, layout_basic,
          minmay_misc_feat_encased
D:2:      layout_loops_ring, solitary_fountain, minmay_bisected, uniq_terence

Skill      XL: |  1  2  3 |
---------------+----------+-----
Fighting       | 1 2 |  2.0
Unarmed Combat | 1 2 |  2.0
Dodging        | |  1.7
Stealth        | |  2.1
Spellcasting   | |  1.7
Necromancy     | |  4.0

Action                     || total
---------------------------++-------
  Melee: Unarmed           ||    89
  Throw: Dart              ||     3
   Cast: Necrotise         ||    14
    Use: Potion            ||     2
 Armour: Leather armour    ||    52
  Dodge: Dodged            ||    63

Table legend: (Time is in decaauts)
 A = Elapsed time spent in this place.
 B = Non-inter-level travel time spent in this place.
 C = Inter-level travel time spent in this place.
 D = Time resting spent in this place.
 E = Time spent auto-exploring this place.
 F = Levels seen in this place.
 G = Mean time per level.
                   A        B        C        D        E       F      G
               +--------+--------+--------+--------+--------+-----+--------+
         Total |   1314 |   1274 |     40 |    107 |    664 |   2 |  657.0 |
       Dungeon |   1314 |   1274 |     40 |    107 |    664 |   2 |  657.0 |
               +--------+--------+--------+--------+--------+-----+--------+

Top non-repeatable levels by time:
     D:1: 811 daAuts
     D:2: 502 daAuts
